 Dungeon Crawl Stone Soup version 0.30-a0-718-geaa24f58ff (webtiles) character file.

Game seed: 3915660745789227589

289 MachoJfn the Poker (level 6, -1/36 HPs)
             Began as a Tengu Reaver on Jan 25, 2023.
             Slain by an orc
             ... wielding a +0 club
              (4 damage)
             ... on level 3 of the Dungeon.
             The game lasted 00:12:30 (2968 turns).

MachoJfn the Poker (Tengu Reaver)                   Turns: 2968, Time: 00:12:31

Health: -1/36      AC: 10    Str: 14    XL:     6   Next: 31%
Magic:  10/10      EV: 15    Int: 12    God:
Gold:   82         SH:  0    Dex: 16    Spells: 8/9 levels left

rFire   . . .      SeeInvis .    p - +4 quarterstaff (chaos)
rCold   . . .      Faith    .    (shield currently unavailable)
rNeg    . . .      Spirit   .    b - +0 leather armour
rPois   .          Reflect  .    (helmet restricted)
rElec   .          Harm     .    f - +2 cloak
rCorr   .          Rampage  .    (no gloves)
Will    .....                    (boots unavailable)
Stlth   +                        (no amulet)
HPRegen 0.26/turn                e - +4 ring of protection
MPRegen 0.12/turn                (no ring)

@: brilliant, flying quickly and evasively, quick
A: beak, talons 3, nimble flight, agile 1
a: no special abilities


You were on level 3 of the Dungeon.
You visited 1 branch of the dungeon, and saw 3 of its levels.

You collected 82 gold pieces.

Inventory:

Hand Weapons
 p - a +4 quarterstaff of chaos (weapon)
Armour
 b - a +0 leather armour (worn)
 f - a +2 cloak (worn)
Jewellery
 e - a +4 ring of protection (left hand)
Wands
 g - a wand of iceblast (8)
Scrolls
 a - a scroll of blinking {unknown}
 d - a scroll of teleportation
 i - a scroll of enchant armour {unknown}
 j - 2 scrolls of poison
 l - a scroll of silence {unknown}
 m - a scroll of noise {unknown}
Potions
 h - a potion of brilliance
 n - a potion of curing {unknown}
 o - a potion of flight {unknown}


   Skills:
 + Level 2.7 Fighting
 + Level 5.3 Polearms
 + Level 3.5 Armour
 + Level 3.0 Dodging
 + Level 0.1 Stealth
 + Level 2.0 Spellcasting
 + Level 4.6 Conjurations


You had 8 spell levels left.
You knew the following spells:

 Your Spells              Type           Power      Damage    Failure   Level
a - Kiss of Death         Conj/Necr      40%        2d8       13%         1

Your spell library contained the following spells:

 Spells                   Type           Power      Damage    Failure   Level
 Momentum Strike          Conj/Tloc      20%        3d8       21%         2
 Hailstorm                Conj/Ice       10%        3d5       36%         3
 Borgnjor's Revivificati  Necr           0%         N/A       100%        8
 Necromutation            Tmut/Necr      0%         N/A       100%        8
 Death's Door             Necr           0%         N/A       100%        9


Dungeon Overview and Level Annotations

Branches:
Dungeon (3/15)

Altars:


Innate Abilities, Weirdness & Mutations

You have a beak for a mouth.
You have claws for feet.
Your magical nature lets you fly swiftly and evasively.
You are agile. (Dex +4, Str/Int -1)


Message History

a +0 spear; a +0 cloak You see here a +0 hammer.
Found 2 stones.
There is a stone staircase leading up here.
There is an open door here. 4 orcs come into view.
The orc shouts!
You hear a shout!
The orc shouts! x2
An orc priest comes into view. It is wielding a +0 falchion.
The orc shouts!
You sock the orc! You burn the orc.
You kill the orc!
The orc priest mumbles some strange prayers to Beogh against you.
Beogh smites you!
You barely miss the orc.
The orc priest mumbles some strange prayers to Beogh against you.
Beogh smites you! The orc hits you with a +0 whip.
You hit the orc but do no damage. Your kick misses the orc.
You peck the orc, but do no damage.
The orc priest miscasts a cantrip.
The orc barely misses you.
You sock the orc!
You kill the orc!
You feel clever all of a sudden. The orc hits you but does no damage.
You hit the orc.
You feel better.
You claw the orc, but do no damage.
The orc is severely wounded.
The orc hits you with a +0 hand axe.
The orc priest looks encouraged for a moment.
You hit the orc but do no damage.
The orc is severely wounded.
The orc hits you but does no damage.
You closely miss the orc. You claw the orc.
You kill the orc!
Your Dodging skill increases to level 3!
You barely miss the orc.
The orc priest calls down the wrath of Beogh upon you.
Beogh smites you!
* * * LOW HITPOINT WARNING * * *
The orc hits you with a +0 club.
You die...

#.###...###.
#...(.....#. ###
#####...#.#. #..
#...#... #.####
#######. #o#..# #.
#.#..############.
#o#.....#.........
#@##.##.#.########
#.........# #
####...#### #...#
#...# #...# #...#
#...# #####


You could see an orc priest and an orc.

Vanquished Creatures
  Crazy Yiuf (D:3)
  Terence (D:2)
  Natasha (thrice) (D:2)
  10 gnolls (D:3)
  An adder (D:2)
  2 dart slugs
  3 orcs (D:3)
  4 endoplasms
  A giant cockroach (D:2)
  4 hobgoblins
  2 jackals (D:2)
  3 kobolds
  2 quokkas (D:1)
  8 ball pythons
  5 bats
  2 frilled lizards
  4 goblins
  5 rats (D:1)
61 creatures vanquished.

Notes
Turn   | Place    | Note
-------+----------+-------------------------------------------
     0 | D:1      | MachoJfn the Tengu Reaver began the quest for the Orb.
     0 | D:1      | Reached XP level 1. HP: 12/12 MP: 4/4
   151 | D:1      | Reached XP level 2. HP: 15/17 MP: 6/6
  1160 | D:2      | Reached XP level 3. HP: 21/21 MP: 7/7
  1243 | D:2      | Reached skill level 4 in Polearms
  1255 | D:2      | Noticed Natasha
  1270 | D:2      | Killed Natasha
  1271 | D:2      | Reached skill level 1 in Armour
  1347 | D:2      | Noticed Terence
  1355 | D:2      | Gained mutation: You are agile. (Dex +4, Str/Int -1)
                  | [potion of mutation]
  1370 | D:2      | Killed Terence
  1371 | D:2      | Reached XP level 4. HP: 3/18 MP: 6/8
  1714 | D:2      | Noticed Natasha
  1725 | D:2      | Killed Natasha
  1726 | D:2      | Gained mutation: Your magical nature lets you fly swiftly
                  | and evasively. [Tengu growth]
  1726 | D:2      | Reached XP level 5. HP: 3/27 MP: 9/9
  1951 | D:2      | Noticed Natasha
  1961 | D:2      | Killed Natasha
  2228 | D:3      | Reached skill level 5 in Polearms
  2343 | D:3      | Found a runed translucent door.
  2344 | D:3      | Noticed Crazy Yiuf
  2358 | D:3      | Killed Crazy Yiuf
  2359 | D:3      | Reached XP level 6. HP: 36/36 MP: 10/10
  2968 | D:3      | Slain by an orc

Illustrated notes

Levels and vault maps discovered:
D:1:      dpeg_arrival_solitude, layout_basic
D:2:      minmay_skewed_foursquare, layout_basic, uniq_terence, uniq_natasha
D:3:      layout_basic, corexii_hall_statues_s, uniq_crazy_yiuf_cottage

Skill      XL: |  1  2  3  4  5  6 |
---------------+-------------------+-----
Polearms       | 4 5 |  5.3
Armour         | 2 3 |  3.5
Dodging        | 3 |  3.0
Fighting       | |  2.7
Stealth        | |  0.1
Spellcasting   | |  2.0
Conjurations   | |  4.6

Action                     |  1- 3 |  4- 6 || total
---------------------------+-------+-------++-------
  Melee: Spear             |    87 |    69 ||   156
         Kick              |    19 |    27 ||    46
         Peck              |     7 |    13 ||    20
         Punch             |       |     1 ||     1
         Quarterstaff      |       |    23 ||    23
   Cast: Kiss of Death     |     4 |       ||     4
  Evoke: Wand              |       |     1 ||     1
    Use: Scroll            |     4 |     3 ||     7
         Potion            |     5 |     1 ||     6
 Armour: Leather armour    |    30 |    26 ||    56
         Skin              |     8 |       ||     8
  Dodge: Dodged            |    61 |    59 ||   120

Table legend: (Time is in decaauts)
 A = Elapsed time spent in this place.
 B = Non-inter-level travel time spent in this place.
 C = Inter-level travel time spent in this place.
 D = Time resting spent in this place.
 E = Time spent auto-exploring this place.
 F = Levels seen in this place.
 G = Mean time per level.
                   A        B        C        D        E       F      G
               +--------+--------+--------+--------+--------+-----+--------+
         Total |   2841 |   2122 |    719 |    294 |   1396 |   3 |  947.0 |
       Dungeon |   2841 |   2122 |    719 |    294 |   1396 |   3 |  947.0 |
               +--------+--------+--------+--------+--------+-----+--------+

Top non-repeatable levels by time:
     D:1: 1132 daAuts
     D:2: 928 daAuts
     D:3: 780 daAuts
